Workbook
Name Acoustic: #REF!
Name Architrave: #REF!
Name Beadfix: #REF!
Name BeadType: #REF!
Name Bill021Page1: #REF!
Name Bill021Page2: #REF!
Name Bill021Page3: #REF!
Name Bill021Page4: #REF!
Name Bill021Page5: #REF!
Name Bill021Page6: #REF!
Name Bill021Page7: #REF!
Name Bill021Page8: #REF!
Name Bill021Page9: #REF!
Name Bolts: [1]Validation!$B$27:$B$30
Name Config: #REF!
Name Core: [1]Validation!$B$52:$B$88
Name Customer: #REF!
Name FaceType: #REF!
Name FConfig: #REF!
Name Finish: #REF!
Name Fire: [1]Validation!$B$91:$B$99
Name Freb: #REF!
Name FSEAL: #REF!
Name Furn: #REF!
Name Glass: #REF!
Name Hand: #REF!
Name Hinge: [1]Validation!$B$38:$B$49
Name LipConfig: #REF!
Name Lock: #REF!
Name Locks: [1]Validation!$B$19:$B$25
Name MS: #REF!
Name Opanel: #REF!
Name SBDLIP: #REF!
Name Slight: #REF!
Name SPORTSLIP: #REF!
Name Timber: #REF!
Name Users: #REF!
Name VP: #REF!

Sheet Taw Construction - GIFA
A17: Module Name: | B17: Integrated Project
A18: Module Code: | B18: ACBA6016
A19: Client: | B19: Ace Capital Projects Limited
B21: Summary Project Costings
B25: Ground Floor | F25: First Floor | J25: Second Floor
B27: Room | C27: Quantity | D27: UOM | F27: Room | G27: Quantity | H27: UOM | J27: Room | K27: Quantity | L27: UOM
B28: Testing Chamber | C28: 2304 | D28: m2 | F28: Stairwell 1 | G28: 29.5 | H28: m2 | J28: Stairwell 1 | K28: 29.5 | L28: m2
B29: Corridor | C29: =181+171.5+211+159+81.6-5.4 -> 798.7 | D29: m2 | F29: Lift | G29: 1.5 | H29: m2 | J29: Lift | K29: 1.5 | L29: m2
B30: Unisex Toilet Block | C30: 5.4 | D30: m2 | F30: Workshop 1 | G30: 50.5 | H30: m2 | J30: Computer Lab | K30: 60.5 | L30: m2
B31: General Stores | C31: 18 | D31: m2 | F31: Lab Space | G31: 53.5 | H31: m2 | J31: Teaching Space 1 | K31: 60.5 | L31: m2
B32: Staff Area | C32: 30 | D32: m2 | F32: Workshop 2 | G32: 50.5 | H32: m2 | J32: Teaching Space 2 | K32: 60.5 | L32: m2
B33: Reception Area | C33: 22.5 | D33: m2 | F33: Wash down Facility | G33: 9 | H33: m2 | J33: Teaching Space 3 | K33: 14 | L33: m2
B34: Plant Room | C34: 14 | D34: m2 | F34: Care Taker Room | G34: 9 | H34: m2 | J34: Unisex Toilet Block | K34: 28 | L34: m2
B35: Control Room | C35: 27.5 | D35: m2 | F35: General Stores | G35: 25.5 | H35: m2 | J35: Stairwell 2 | K35: 29.5 | L35: m2
B36: Cafe Area | C36: 22 | D36: m2 | F36: Stairwell 2 | G36: 29.5 | H36: m2 | J36: Secondary Plant Room | K36: 46 | L36: m2
B37: Learning Studio | C37: 56 | D37: m2 | F37: Server Room | G37: 6 | H37: m2 | J37: Secondary Systems Room | K37: 19 | L37: m2
B38: Unisex Toilet Block 2 | C38: 28 | D38: m2 | F38: Large HVAC Plant Room | G38: 31 | H38: m2 | J38: Second Floor Control Room | K38: 29 | L38: m2
B39: Void Entrance | C39: 20 | D39: m2 | F39: Office Space | G39: 36.5 | H39: m2 | J39: Meeting Room | K39: 46.2 | L39: m2
B40: Seating / Communal Area | C40: 40 | D40: m2 | F40: Primary Systems Room | G40: 24 | H40: m2 | J40: Office Space | K40: 25.5 | L40: m2
B41: Stairwell 1 | C41: 29.5 | D41: m2 | F41: First Floor Control Room | G41: 38.5 | H41: m2 | J41: General Stores | K41: 12.5 | L41: m2
B42: Stairwell 2 | C42: 29.5 | D42: m2 | F42: Primary Plant Room | G42: 58 | H42: m2 | J42: Unisex Toilet Block | K42: 5.4 | L42: m2
B43: Lift | C43: 1.5 | D43: m2 | F43: Unisex Toilet Block | G43: 5.4 | H43: m2 | J43: Corridor | K43: =178+290.5+159+81.6 -> 709.1 | L43: m2
F44: Corridor | G44: =186.3+292+159+81.5 -> 718.8 | H44: m2
C46: =SUM(C28:C45) -> 3446.6 | D46: m2 | G46: =SUM(G28:G45) -> 1176.7 | H46: m2 | K46: =SUM(K28:K45) -> 1176.7 | L46: m2
B49: TOTAL GIFA | C49: Rate | D49: Total
B50: =C46+G46+K46 -> 5800 | C50: 2925 | D50: =B50*C50 -> 16965000 | F50: GIFA Rate taken from Secondary School (Range between £2,325.00 - £2,925.00)
B52: Adjust GIFA for Location
B53: Location - Wales | C53: 0.88
B56: TOTAL GIFA | C56: Rate | D56: Total
B57: =B50 -> 5800 | C57: =C50*C53 -> 2574 | D57: =B57*C57 -> 14929200
B60: Adjust GIFA for Duration / Time
B62: GIFA TPI (May 2023) | C62: 383
B64: Completion (May 2027) | C64: 425
C66: =C64/C62 -> 1.1096606
B68: TOTAL GIFA | C68: Rate | D68: Total
B69: =B57 -> 5800 | C69: =C57*C66 -> 2856.2663 | D69: =B69*C69 -> 16566345

Sheet Tender Cover
A1: Date: | B1: 46149 | D1: rev 001
A3: Company : | B3: Ace Capitals Ltd
A5: Project : | B5: UWTSD Construction Centre of Excellence
A7: Package: | B7: Complete Project
A9: FAO: | B9: Deborah Hughes
B10: d.hughes@uwtsd.ac.uk
A12: We have the pleasure of enclosing our tender submission for the the above Project.
A14: Our tender has been based on information issued and allowances are deemed as notes below.
G15: BoQ | H15: Drawings and spec | I15: Client Brief
A16: We offer our tender for the sum of | D16: ='Taw Construction Cost Breakdown'!C95-'Taw Construction Cost Breakdown'!C90 -> 14889006 | E16: Based on | I16: ü
G18: Per wk | H18: Remeasurable | I18: Lump sum
A19: We offer prelims for the rate of | D19: ='Taw Construction Cost Breakdown'!C90 -> 1235602.2 | E19: Based on | I19: ü
A22: Revised Tender Value | D22: =D16+D19 -> 16124608 | E22: Based on current value and period

Sheet Taw Construction Cost Breakdown
A1: Building function: | B1: UWTSD university building
A2: Type of work: | B2: New build
A3: Project title: | B3: UWTSD Construction Centre of Excellence
A4: Location: | B4: Swansea SA1
A5: District: | B5: South Wales
A6: Postcode: | B6: SA1 8EW
A7: Project details: | B7: 3 Storey university building, comprising of a state of the art testing fascility, teaching space, office space and other accomodating fascilities
A8: Site conditions: | B8: Level surface with no prior developments, no major site restrictions
A9: Client: | B9: ACE Capital
A10: Tender documentation: | B10: Client Brief (No Acitivity Schedule or Drawings)
A11: Contract: | B11: JCT Design & Build 2016 Version
A12: Cost fluctuations: | B12: Fixed Based on anticipated Start Date 2026
A13: Basis of cost: | B13: Schedule of Rates and Provisional Sum items
A14: Contract breakdown
A15: Measured work: | B15: =SUM(C33:C53,C73:C77,C79,C81,C68) -> 8226021.8
A16: Provisional sums: | B16: =SUM(C54:C67,C78,C80,C86:C88) -> 4130000
A17: Prime cost sums:
A18: Preliminaries: | B18: =SUM(C90) -> 1235602.2
A19: Contractor design fees: | B19: =SUM(C93) -> 988481.75
A20: Contractor overhead & profit & Risk allowance | B20: =SUM(C91,C94) -> 1544502.7
A21: Contract sum: | B21: =SUM(B15:B20) -> 16124608
A23: Accommodation and design features: | B23: 3 Storey university building, comprising of a state of the art testing fascility, teaching space, office space and other accomodating fascilities
A25: Ground floor: | B25: ='Taw Construction - GIFA'!C46 -> 3446.6 | C25: m2
A26: First Floor: | B26: ='Taw Construction - GIFA'!G46 -> 1176.7 | C26: m2
A27: Second Floor: | B27: ='Taw Construction - GIFA'!K46 -> 1176.7 | C27: m2
A28: Gross floor area: | B28: =SUM(B25:B27) -> 5800 | C28: m2
A31: Elements
A32: Element | B32: Total cost: 2023 | C32: Total cost: 2027 | D32: Cost per m² (2027) | E32: Element unit quantity | F32: Element Unit | G32: Element unit rate - SPONS | H32: Percentage | J32: Comments | K32: SPONS Architects & Price List 2023
A33: 01 Substructure | B33: =G33*E33 -> 1620384.5 | C33: =B33*'Taw Construction - GIFA'!C53*'Taw Construction - GIFA'!C66 -> 1582307.6 | D33: =C33/'Taw Construction - GIFA'!B50 -> 272.81166 | E33: =B25 -> 3446.6 | F33: m2 | G33: 470.14 | H33: =C33/$C$95 -> 0.098129986 | I33: % | J33: Rate used as building is a large scale commercial building. (Car showroom) Building chosen due to being a steel frame structure, incorperating pile caps to take the columns | K33: Page 92
A34: 02.01 Structural Steel Frame | B34: =E34*G34 -> 1119096 | C34: =B34*'Taw Construction - GIFA'!C53*'Taw Construction - GIFA'!C66 -> 1092798.7 | D34: =C34/'Taw Construction - GIFA'!B50 -> 188.41357 | E34: =240*15 -> 3600 | F34: m2 | G34: 310.86 | H34: =C34/$C$95 -> 0.067772108 | I34: % | K34: Page 92
A35: 02.02 Composite concrete floor on structural metal decking | B35: =E35*G35 -> 164738 | C35: =B35*'Taw Construction - GIFA'!C53*'Taw Construction - GIFA'!C66 -> 160866.87 | D35: =C35/'Taw Construction - GIFA'!B50 -> 27.735668 | E35: =B26+'Taw Construction - GIFA'!K46 -> 2353.4 | F35: m2 | G35: 70 | H35: =C35/$C$95 -> 0.0099764824 | I35: %
A36: 02.03 Proprietary roof covering, insulation, paving slabs; including extra over cost for green roof | B36: =E36*G36 -> 1085679 | C36: =B36*'Taw Construction - GIFA'!C53*'Taw Construction - GIFA'!C66 -> 1060167 | D36: =C36/'Taw Construction - GIFA'!B50 -> 182.78741 | E36: ='Taw Construction - GIFA'!C46 -> 3446.6 | F36: m2 | G36: =210+105 -> 315 | H36: =C36/$C$95 -> 0.065748385 | I36: %
A37: 02.04 Stairs | B37: =E37*G37 -> 104000 | C37: =B37*'Taw Construction - GIFA'!C53*'Taw Construction - GIFA'!C66 -> 101556.14 | D37: =C37/'Taw Construction - GIFA'!B50 -> 17.509679 | E37: 4 | F37: Nr | G37: 26000 | H37: =C37/$C$95 -> 0.0062982079 | I37: % | K37: Page 90
A38: 02.05 External Walls - Brickwork | B38: =E38*G38 -> 663000 | C38: =B38*'Taw Construction - GIFA'!C53*'Taw Construction - GIFA'!C66 -> 647420.37 | D38: =C38/'Taw Construction - GIFA'!B50 -> 111.6242 | E38: =(65*2)*15 -> 1950 | F38: m2 | G38: 340 | H38: =C38/$C$95 -> 0.040151075 | I38: %
A39: 02.05a External Walls - Composite Cladding | B39: =E39*G39 -> 379500 | C39: =B39*'Taw Construction - GIFA'!C53*'Taw Construction - GIFA'!C66 -> 370582.25 | D39: =C39/'Taw Construction - GIFA'!B50 -> 63.893491 | E39: =(55*2)*15 -> 1650 | F39: m2 | G39: 230 | H39: =C39/$C$95 -> 0.022982403 | I39: %
A40: 02.06a External Windows | B40: =E40*G40 -> 352957.5 | C40: =B40*'Taw Construction - GIFA'!C53*'Taw Construction - GIFA'!C66 -> 344663.46 | D40: =C40/'Taw Construction - GIFA'!B50 -> 59.424734 | E40: =(2.1*1.5)*60*3 -> 567 | F40: m2 | G40: =415*150% -> 622.5 | H40: =C40/$C$95 -> 0.021374997 | I40: % | J40: Composite Alumium Allowed for (2100mm x 1500mm Window Size Allowed for) Inflated rate to allow for triple glazed units | K40: Page 159
A41: 02.06b External Doors - Single Fire Doors | B41: =E41*G41 -> 5850 | C41: =B41*'Taw Construction - GIFA'!C53*'Taw Construction - GIFA'!C66 -> 5712.5326 | D41: =C41/'Taw Construction - GIFA'!B50 -> 0.98491942 | E41: 2 | F41: nr | G41: 2925 | H41: =C41/$C$95 -> 0.00035427419 | I41: % | J41: Composite Alumium Allowed for | K41: Page 160
A42: 02.06c External Doors - Double Fire Doors | B42: =E42*G42 -> 4525 | C42: =B42*'Taw Construction - GIFA'!C53*'Taw Construction - GIFA'!C66 -> 4418.6684 | D42: =C42/'Taw Construction - GIFA'!B50 -> 0.76183938 | E42: 1 | F42: nr | G42: 4525 | H42: =C42/$C$95 -> 0.0002740326 | I42: % | J42: Composite Alumium Allowed for | K42: Page 160
A43: 02.06d External Doors - Revolving Door | B43: =E43*G43 -> 56000 | C43: =B43*'Taw Construction - GIFA'!C53*'Taw Construction - GIFA'!C66 -> 54684.073 | D43: =C43/'Taw Construction - GIFA'!B50 -> 9.4282885 | E43: 1 | F43: nr | G43: 56000 | H43: =C43/$C$95 -> 0.0033913427 | I43: % | J43: Composite Alumium Allowed for | K43: Page 160
A44: 02.06e External Doors - Roller Shutter | B44: =E44*G44 -> 60300 | C44: =B44*'Taw Construction - GIFA'!C53*'Taw Construction - GIFA'!C66 -> 58883.029 | D44: =C44/'Taw Construction - GIFA'!B50 -> 10.152246 | E44: =18*5 -> 90 | F44: m2 | G44: 670 | H44: =C44/$C$95 -> 0.0036517494 | I44: % | J44: Power Operated Fire Shutter (18m Wide x 5m High) | K44: Page 160
A45: 02.07 Internal Walls and Partitions | B45: =E45*G45 -> 277809.84 | C45: =B45*'Taw Construction - GIFA'!C53*'Taw Construction - GIFA'!C66 -> 271281.67 | D45: =C45/'Taw Construction - GIFA'!B50 -> 46.772702 | E45: =(378.28*3)+(402.37*3)+(421.99*3) -> 3607.92 | F45: m2 | G45: 77 | H45: =C45/$C$95 -> 0.016824078 | I45: % | J45: 102mm Partition Wall consists of 70mm Steel Stud, 1 Layer of 15mm SoundblockPlasterboard either side and Decorating / Paint & Skirting. | K45: Page 161
A46: 02.07a Dry Lining to External Walls | B46: =E46*G46 -> 137179.35 | C46: =B46*'Taw Construction - GIFA'!C53*'Taw Construction - GIFA'!C66 -> 133955.81 | D46: =C46/'Taw Construction - GIFA'!B50 -> 23.09583 | E46: =237.54*15 -> 3563.1 | F46: m2 | G46: =77/2 -> 38.5 | H46: =C46/$C$95 -> 0.008307539 | I46: % | J46: Half rate of above for only one face to external walls | K46: Page 161
A47: 02.08 Internal Doors: Single Doors | B47: =E47*G47 -> 63000 | C47: =B47*'Taw Construction - GIFA'!C53*'Taw Construction - GIFA'!C66 -> 61519.582 | D47: =C47/'Taw Construction - GIFA'!B50 -> 10.606825 | E47: =14+15+16 -> 45 | F47: nr | G47: 1400 | H47: =C47/$C$95 -> 0.0038152605 | I47: % | J47: FD60 Oak veneered door | K47: Page 164
A48: 02.08 Internal Doors: Double doors | B48: =E48*G48 -> 2625 | C48: =B48*'Taw Construction - GIFA'!C53*'Taw Construction - GIFA'!C66 -> 2563.3159 | D48: =C48/'Taw Construction - GIFA'!B50 -> 0.44195102 | E48: =1 -> 1 | F48: nr | G48: 2625 | H48: =C48/$C$95 -> 0.00015896919 | I48: % | J48: FD60 Oak veneered door | K48: Page 164
A49: 02 Superstructure
A50: 03.01 Wall Finishes | B50: =E50*G50 -> 13680 | C50: =B50*'Taw Construction - GIFA'!C53*'Taw Construction - GIFA'!C66 -> 13358.538 | D50: =C50/'Taw Construction - GIFA'!B50 -> 2.3031962 | E50: =48*3 -> 144 | F50: m2 | G50: 95 | H50: =C50/$C$95 -> 0.00082845657 | I50: % | J50: Included in 02.07 & 02.07a. Rate includes to Toilet Blocks Only - Hygienic Wall Cladding (Altro Whiterock)
A51: 03.02 Floor Finishes | B51: =E51*G51 -> 408900 | C51: =B51*'Taw Construction - GIFA'!C53*'Taw Construction - GIFA'!C66 -> 399291.38 | D51: =C51/'Taw Construction - GIFA'!B50 -> 68.843342 | E51: =B28 -> 5800 | F51: m2 | G51: 70.5 | H51: =C51/$C$95 -> 0.024762858 | I51: % | J51: Vinyl safety flooring
A52: 03.03 Ceiling Finishes | B52: =E52*G52 -> 736977 | C52: =B52*'Taw Construction - GIFA'!C53*'Taw Construction - GIFA'!C66 -> 719659 | D52: =C52/'Taw Construction - GIFA'!B50 -> 124.07914 | E52: =(3446.6-2304)*3 -> 3427.8 | F52: m2 | G52: 215 | H52: =C52/$C$95 -> 0.044631099 | I52: % | J52: Integrated ceilings coffered;with steel surfaces | K52: Page 169
A53: 03 Finishes
A54: 04 Fittings, Furnishings and Equipment | B54: =E54*G54 -> 350000 | C54: 350000 | D54: =C54/'Taw Construction - GIFA'!B50 -> 60.344828 | E54: 1 | F54: Prov Sum | G54: 350000 | H54: =C54/$C$95 -> 0.021705953 | I54: %
A55: 05.01 Sanitary Installations | B55: =E55*G55 -> 50000 | C55: 50000 | D55: =C55/'Taw Construction - GIFA'!B50 -> 8.6206897 | E55: 1 | F55: Prov Sum | G55: 50000 | H55: =C55/$C$95 -> 0.0031008505 | I55: %
A56: 05.02 Services Equipment | B56: inc | C56: inc | E56: 1 | F56: Prov Sum | G56: inc | H56: 0 | I56: %
A57: 05.03 Disposal Installations | B57: inc | C57: inc | E57: 1 | F57: Prov Sum | G57: inc | H57: 0 | I57: %
A58: 05.04 Water Installations | B58: =E58*G58 -> 50000 | C58: 50000 | D58: =C58/'Taw Construction - GIFA'!B50 -> 8.6206897 | E58: 1 | F58: Prov Sum | G58: 50000 | H58: =C58/$C$95 -> 0.0031008505 | I58: %
A59: 05.05 Heat Source | B59: =E59*G59 -> 250000 | C59: 250000 | D59: =C59/'Taw Construction - GIFA'!B50 -> 43.103448 | E59: 1 | F59: Prov Sum | G59: 250000 | H59: =C59/$C$95 -> 0.015504252 | I59: %
A60: 05.06 Space Heating and Air Conditioning (Costs include other elements) | B60: =E60*G60 -> 1100000 | C60: 1100000 | D60: =C60/'Taw Construction - GIFA'!B50 -> 189.65517 | E60: 1 | F60: Prov Sum | G60: 1100000 | H60: =C60/$C$95 -> 0.068218711 | I60: %
A61: 05.07 Ventilating Systems | B61: =E61*G61 -> 250000 | C61: 250000 | D61: =C61/'Taw Construction - GIFA'!B50 -> 43.103448 | E61: 1 | F61: Prov Sum | G61: 250000 | H61: =C61/$C$95 -> 0.015504252 | I61: %
A62: 05.08 Electrical Installations | B62: =E62*G62 -> 1100000 | C62: 1100000 | D62: =C62/'Taw Construction - GIFA'!B50 -> 189.65517 | E62: 1 | F62: Prov Sum | G62: 1100000 | H62: =C62/$C$95 -> 0.068218711 | I62: %
A63: 05.09 Fuel Installations | F63: N/A | H63: =C63/$C$95 -> 0 | I63: %
A64: 05.10 Lift Installations | B64: =E64*G64 -> 100000 | C64: 100000 | D64: =C64/'Taw Construction - GIFA'!B50 -> 17.241379 | E64: 1 | F64: Prov Sum | G64: 100000 | H64: =C64/$C$95 -> 0.006201701 | I64: %
A65: 05.11 Fire and Lightning Protection | B65: =E65*G65 -> 25000 | C65: 25000 | D65: =C65/'Taw Construction - GIFA'!B50 -> 4.3103448 | E65: 1 | F65: Prov Sum | G65: 25000 | H65: =C65/$C$95 -> 0.0015504252 | I65: %
A66: 05.12 Communications and Security Installations | B66: =E66*G66 -> 200000 | C66: 200000 | D66: =C66/'Taw Construction - GIFA'!B50 -> 34.482759 | E66: 1 | F66: Prov Sum | G66: 200000 | H66: =C66/$C$95 -> 0.012403402 | I66: %
A67: 05.13 Special Installations | B67: =E67*G67 -> 500000 | C67: 500000 | D67: =C67/'Taw Construction - GIFA'!B50 -> 86.206897 | E67: 1 | F67: Prov Sum | G67: 500000 | H67: =C67/$C$95 -> 0.031008505 | I67: %
A68: 05.14 Builder's Work in Connection with Services (BWIC) | B68: =E68*G68 -> 487200 | C68: =B68*'Taw Construction - GIFA'!C53*'Taw Construction - GIFA'!C66 -> 475751.44 | D68: =C68/'Taw Construction - GIFA'!B50 -> 82.02611 | E68: 5800 | F68: m2 | G68: =29+55 -> 84 | H68: =C68/$C$95 -> 0.029504681 | I68: % | J68: BWIC with electrical, mechanical, HVAC | K68: Page 176
A69: 05 Services
A70: 06 Prefabricated Buildings and Building Units
A71: 07 Work to Existing Building
A72: Building Sub-total
A73: 08.01 Site Preparation Works | B73: =E73*G73 -> 3000 | C73: =B73*'Taw Construction - GIFA'!C53*'Taw Construction - GIFA'!C66 -> 2929.5039 | D73: =C73/'Taw Construction - GIFA'!B50 -> 0.50508688 | E73: 6000 | F73: m2 | G73: 0.5 | H73: =C73/$C$95 -> 0.00018167907 | I73: %
A74: 08.02 Roads and Surfacings | B74: =E74*G74 -> 263250 | C74: =B74*'Taw Construction - GIFA'!C53*'Taw Construction - GIFA'!C66 -> 257063.97 | D74: =C74/'Taw Construction - GIFA'!B50 -> 44.321374 | E74: =6000-3500-500-50 -> 1950 | F74: m2 | G74: 135 | H74: =C74/$C$95 -> 0.015942339 | I74: % | J74: Allows for 1 Main Road Access to the Building, 40nr Cycle Bays, 6nr Disabled Car Park Bays, 4nr EV Charging Park Bays and 40nr Standard Car Park Bays. | K74: Page 73
A75: 08.02a Paths and pavings | B75: =E75*G75 -> 24000 | C75: =B75*'Taw Construction - GIFA'!C53*'Taw Construction - GIFA'!C66 -> 23436.031 | D75: =C75/'Taw Construction - GIFA'!B50 -> 4.0406951 | E75: 500 | F75: m2 | G75: 48 | H75: =C75/$C$95 -> 0.0014534326 | I75: %
A76: 08.03 Soft Landscaping, Planting and Irrigation Systems | B76: =E76*G76 -> 1700 | C76: =B76*'Taw Construction - GIFA'!C53*'Taw Construction - GIFA'!C66 -> 1660.0522 | D76: =C76/'Taw Construction - GIFA'!B50 -> 0.2862159 | E76: 50 | F76: m2 | G76: 34 | H76: =C76/$C$95 -> 0.00010295147 | I76: % | K76: Page 178
A77: 08.04 Fencing, Railings and Walls | B77: =E77*G77 -> 2992 | C77: =B77*'Taw Construction - GIFA'!C53*'Taw Construction - GIFA'!C66 -> 2921.6919 | D77: =C77/'Taw Construction - GIFA'!B50 -> 0.50373998 | E77: =68 -> 68 | F77: m | G77: 44 | H77: =C77/$C$95 -> 0.0001811946 | I77: % | J77: Allowed for 1.80lm High Timber Fencing to Behind the Building (Opposite side to Car Park and Access to Building)
A78: 08.05 External Fixtures | B78: =E78*G78 -> 20000 | C78: 20000 | D78: =C78/'Taw Construction - GIFA'!B50 -> 3.4482759 | E78: 1 | F78: Prov Sum | G78: 20000 | H78: =C78/$C$95 -> 0.0012403402 | I78: %
A79: 08.06 External Drainage | B79: =E79*G79 -> 120631 | C79: =B79*'Taw Construction - GIFA'!C53*'Taw Construction - GIFA'!C66 -> 117796.33 | D79: =C79/'Taw Construction - GIFA'!B50 -> 20.309712 | E79: =3446.6 -> 3446.6 | F79: m2 | G79: 35 | H79: =C79/$C$95 -> 0.0073053761 | I79: %
A80: 08.07 External Services (Costs include other elements) | B80: =E80*G80 -> 0 | F80: Prov Sum | H80: =C80/$C$95 -> 0 | I80: %
A81: 08.08 Minor Building Works and Ancillary Buildings | B81: =E81*G81 -> 265000 | C81: =B81*'Taw Construction - GIFA'!C53*'Taw Construction - GIFA'!C66 -> 258772.85 | D81: =C81/'Taw Construction - GIFA'!B50 -> 44.616008 | E81: 100 | F81: m2 | G81: 2650 | H81: =C81/$C$95 -> 0.016048318 | I81: % | J81: Allowance only for a 3 Bedroom Detatched House within the testing chamber
A82: 08 External Works
A83: 00.01 Toxic/Hazardous/Contaminated Material Treatment | F83: N/A
A84: 00.02 Major Demolition Works | F84: N/A
A85: 00.03 Temporary Support to Adjacent Structures | F85: N/A
A86: 00.04 Specialist Groundworks | B86: =E86*G86 -> 100000 | C86: 100000 | D86: =C86/'Taw Construction - GIFA'!B50 -> 17.241379 | E86: 1 | F86: Prov Sum | G86: 100000 | H86: =C86/$C$95 -> 0.006201701 | I86: %
A87: 00.05 Temporary Diversion Works (Costs included elsewhere) | B87: =E87*G87 -> 25000 | C87: 25000 | D87: =C87/'Taw Construction - GIFA'!B50 -> 4.3103448 | E87: 1 | F87: Prov Sum | G87: 25000 | H87: =C87/$C$95 -> 0.0015504252 | I87: %
A88: 00.06 Extraordinary Site Investigation | B88: =E88*G88 -> 10000 | C88: 10000 | D88: =C88/'Taw Construction - GIFA'!B50 -> 1.7241379 | E88: 1 | F88: Prov Sum | G88: 10000 | H88: =C88/$C$95 -> 0.0006201701 | I88: %
A89: 00 Facilitating Works
A90: 09 Preliminaries | B90: =E90*G90 -> 0 | C90: =SUM(C33:C88)*10% -> 1235602.2 | H90: =C90/$C$95 -> 0.076628352 | I90: %
A91: 10 Main Contractor's Overheads and Profit | B91: =E91*G91 -> 0 | C91: =SUM(C33:C88)*7.5% -> 926701.64 | H91: =C91/$C$95 -> 0.057471264 | I91: %
A92: Total (less Design Fees) | B92: =E92*G92 -> 0
A93: 11 Project/Design Team Fees | C93: =SUM(C33:C88)*8% -> 988481.75 | H93: =C93/$C$95 -> 0.061302682 | I93: %
A94: 12 Risk (Clients Contingencies) | B94: 0 | C94: =SUM(C33:C88)*5% -> 617801.09 | H94: =C94/$C$95 -> 0.038314176 | I94: %
A95: Total Contract sum | C95: =SUM(C33:C94) -> 16124608 | D95: =SUM(D92:D94) -> 0
A97: Credits:
A98: Submitted by: | B98: Tawe Construction
A99: Client: | B99: ACE Capital
A100: Architect: | B100: TBC
